 Dungeon Crawl Stone Soup version 0.29-a0-352-g0917bc69df (webtiles) character file.

Game seed: 14888832526821865168

3304 kevlar127 the Grappler (level 9, 0/88 (93) HPs)
             Began as a Troll Berserker on Apr 23, 2022.
             Was an Elder of Trog.
             Shot with an arrow by a centaur (14 damage)
             ... on level 8 of the Dungeon.
             The game lasted 00:33:56 (6546 turns).

kevlar127 the Grappler (Troll Berserker)            Turns: 6546, Time: 00:33:57

HP:   0/88 (93)     AC:  6    Str: 31    XL:     9   Next: 70%
MP:   8/8           EV: 10    Int:  3    God:    Trog [****..]
Gold: 64            SH:  0    Dex:  9    Spells: 8/8 levels left

rFire   . . .      SeeInvis .     - Unarmed
rCold   + . .      Faith    .   (no shield)
rNeg    . . .      Spirit   .   M - +0 troll leather armour
rPois   +          Reflect  .   (helmet restricted)
rElec   .          Harm     .   (no cloak)
rCorr   .          Rampage  .   (gloves unavailable)
Will    .....                   (boots unavailable)
Stlth   +.........              (no amulet)
HPRegen 1.84/turn               r - ring of protection from cold
MPRegen 0.11/turn               B - ring of poison resistance

@: drained
A: large, unfitting armour, claws 3, regeneration 1, shaggy fur 1, tough skin 1
a: Renounce Religion, Berserk, Trog's Hand, Brothers in Arms


You were on level 8 of the Dungeon.
You worshipped Trog.
Trog was greatly pleased with you.
You visited 1 branch of the dungeon, and saw 8 of its levels.

You collected 428 gold pieces.
You spent 364 gold pieces at shops.

Inventory:

Missiles
 e - 8 javelins (quivered)
 j - 182 stones
 p - 23 poisoned darts
 P - a boomerang
Armour
 a - a +0 animal skin
 o - a +2 robe of the Archmagi
 M - a +0 troll leather armour (worn)
Jewellery
 d - a ring of ice
 h - a ring of magical power
 r - a ring of protection from cold (left claw)
 w - a ring of positive energy
 B - a ring of poison resistance (right claw)
Wands
 A - a wand of flame (10)
 D - a wand of iceblast (9)
Scrolls
 f - a scroll of immolation {unknown}
 i - a scroll of holy word {unknown}
 k - 2 scrolls of summoning
 l - a scroll of torment {unknown}
 m - 2 scrolls of fear {unknown}
 t - 4 scrolls of silence {unknown}
 v - a scroll of fog {unknown}
 x - 3 scrolls of teleportation {unknown}
 y - a scroll of noise {unknown}
 C - a scroll of blinking {unknown}
 E - 2 scrolls of enchant weapon
 F - a scroll of vulnerability {unknown}
 J - 2 scrolls of enchant armour
 K - 2 scrolls of identify
 N - a scroll of acquirement {unknown}
Potions
 b - 2 potions of cancellation
 c - 2 potions of lignification
 g - 3 potions of curing
 n - 4 potions of heal wounds
 q - 2 potions of resistance
 s - 5 potions of mutation {unknown}
 u - 2 potions of might
 z - 3 potions of berserk rage
 G - 3 potions of degeneration {unknown}
 H - a potion of haste {unknown}
 I - a potion of ambrosia {unknown}
 L - 2 potions of brilliance
 O - a potion of flight {unknown}


   Skills:
 + Level 7.0 Fighting
 + Level 5.0 Throwing
 - Level 2.7 Dodging
 + Level 8.5 Unarmed Combat
 + Level 4.1 Evocations


You had 8 spell levels left.
You didn't know any spells.
Your spell library was empty.

Dungeon Overview and Level Annotations

Branches:
Dungeon (8/15)             Temple (0/1) D:4
   Lair: D:8-11

Altars:

Shops:
D:3 !   D:4 :   D:6 (


Innate Abilities, Weirdness & Mutations

You are too large for most types of armour.
You have claws for hands.
Your natural rate of healing is unusually fast.
You are covered in fur. (AC +1)
You have tough skin. (AC +1)


Message History

A wight comes into view. It is wielding a +0 trident.
Your Throwing skill increases to level 5!
The centaur shoots an arrow.
The arrow hits you!
Things that are here:
a +5 great sword; a +0 robe You scratch the wight.
The wight is moderately damaged.
The wight hits you with a +5 falchion!
The centaur shoots an arrow.
The arrow barely misses you.
The arrow hits the wight!
The wight is destroyed!
The wight barely misses you. The wight hits you with a +0 halberd!
You feel drained.
Things that are here:
a +5 falchion; a +0 robe You closely miss the wight.
Your claw misses the wight. The wight barely misses you.
The wight completely misses you.
The centaur shoots an arrow.
The arrow hits you!
You scratch the wight.
The wight is lightly damaged.
The centaur shoots an arrow.
The arrow hits you.
The wight hits you from afar with a +0 trident.
The wight hits you with a +0 halberd.
You feel drained.
You closely miss the wight.
The wight is lightly damaged.
The centaur shoots an arrow.
The arrow hits you!
The wight hits you from afar with a +0 trident!
The wight barely misses you.
You closely miss the wight.
The wight is lightly damaged.
The centaur shoots an arrow.
The arrow hits you but does no damage.
You scratch the wight but do no damage. Your claw misses the wight.
The wight is lightly damaged.
The centaur shoots an arrow.
The arrow hits you!
* * * LOW HITPOINT WARNING * * *
The wight hits you but does no damage. The wight hits you with a +0 halberd!
* * * LOW HITPOINT WARNING * * *
You feel drained.
* * * LOW HITPOINT WARNING * * *
The centaur shoots an arrow.
The arrow hits you!
You die...

###.....#
#####...<...#
#.........###
...#...##.##
....... #.#
#....## #.#
.c.## #c# ..
#)# . #@# #z#
#z# #.# ...
... #.# ..#


You could see a centaur and 2 wights.

Vanquished Creatures
  Joseph (D:7)
  A komodo dragon (D:6)
  A troll (D:7)
  Sigmund (D:2)
  A water moccasin (D:6)
  A black bear (D:5)
  3 ice beasts
  A sky beast (D:6)
  2 orc warriors (D:7)
  2 centaurs (D:7)
  A kobold brigand (D:7)
  A bullfrog (D:6)
  A scorpion (D:6)
  5 wights
  A howler monkey (D:6)
  2 hounds
  2 jellies
  3 orc priests
  A gnoll shaman (D:5)
  Natasha (thrice) (D:2)
  5 iguanas
  Ijyb (D:4)
  Terence (D:2)
  7 orc wizards
  5 gnolls
  8 adders
  A shadow imp (D:5)
  A white imp (D:6)
  10 dart slugs
  23 orcs
  6 endoplasms
  5 giant cockroaches
  11 hobgoblins
  11 jackals
  9 kobolds
  2 quokkas
  4 ball pythons
  5 bats
  3 frilled lizards
  5 goblins
  4 rats
161 creatures vanquished.

Vanquished Creatures (others)
  A wight (D:8)
1 creature vanquished.

Grand Total: 162 creatures vanquished

Notes
Turn   | Place    | Note
-------+----------+-------------------------------------------
     0 | D:1      | kevlar127 the Troll Berserker began the quest for the Orb.
     0 | D:1      | Reached XP level 1. HP: 22/22 MP: 0/0
    68 | D:1      | Reached XP level 2. HP: 29/29 MP: 1/1
   251 | D:1      | Reached ** piety under Trog
   252 | D:1      | Reached XP level 3. HP: 35/36 MP: 2/2
   644 | D:2      | Noticed Natasha
   651 | D:2      | Killed Natasha
   652 | D:2      | Reached skill level 4 in Unarmed Combat
   652 | D:2      | Reached XP level 4. HP: 37/45 MP: 3/3
   806 | D:2      | Noticed Sigmund
   823 | D:2      | Killed Sigmund
   824 | D:2      | Reached skill level 5 in Unarmed Combat
   824 | D:2      | Reached XP level 5. HP: 33/54 MP: 4/4
   942 | D:2      | Noticed Natasha
   948 | D:2      | Killed Natasha
   949 | D:2      | Reached XP level 6. HP: 60/62 MP: 5/5
  1003 | D:2      | Found a faded altar of an unknown god.
  1022 | D:2      | Noticed Natasha
  1029 | D:2      | Killed Natasha
  1135 | D:2      | Noticed Terence
  1143 | D:2      | Killed Terence
  1302 | D:2      | Reached *** piety under Trog
  1435 | D:3      | Found Qediets's Distillery.
  1461 | D:3      | Bought a potion of might for 56 gold pieces
  1461 | D:3      | Bought a potion of heal wounds for 70 gold pieces
  2065 | D:4      | Identified the +1 pair of gloves "Woilop" {rC- Will++}
  2204 | D:4      | Noticed Ijyb
  2239 | D:4      | Killed Ijyb
  2468 | D:4      | Found Atwolaen's Book Emporium.
  2502 | D:4      | Found a staircase to the Ecumenical Temple.
  2981 | D:5      | Entered Level 5 of the Dungeon
  2996 | D:5      | Reached XP level 7. HP: 54/62 MP: 6/6
  3020 | D:5      | Reached skill level 5 in Fighting
  3020 | D:5      | Reached skill level 6 in Unarmed Combat
  3256 | D:5      | Reached skill level 1 in Throwing
  3304 | D:5      | Reached skill level 1 in Evocations
  3853 | D:6      | Reached XP level 8. HP: 69/81 MP: 7/7
  4120 | D:6      | Reached **** piety under Trog
  4528 | D:6      | Noticed a komodo dragon
  4538 | D:6      | Killed a komodo dragon
  4539 | D:6      | Reached skill level 7 in Unarmed Combat
  4611 | D:6      | Found Ula Motoucha's Weapon Emporium.
  4706 | D:3      | Bought a potion of brilliance for 56 gold pieces
  4706 | D:3      | Bought a potion of lignification for 42 gold pieces
  4706 | D:3      | Bought a potion of resistance for 140 gold pieces
  5144 | D:7      | Noticed Joseph
  5166 | D:7      | Killed Joseph
  5167 | D:7      | Reached XP level 9. HP: 37/89 MP: 8/8
  5586 | D:7      | Noticed a troll
  5596 | D:7      | Killed a troll
  5597 | D:7      | Reached skill level 8 in Unarmed Combat
  5646 | D:7      | Identified the +1 ring mail "Beefollarey" {Str+3}
  6539 | D:8      | Reached skill level 5 in Throwing
  6546 | D:8      | Shot with an arrow by a centaur

Illustrated notes

Levels and vault maps discovered:
D:1:      dpeg_arrival_three_bigger_balls, layout_rooms
D:2:      minmay_razor_zed, layout_rooms, hellmonk_ecumenical_altar_dog_temple,
          uniq_terence, uniq_natasha, uniq_sigmund
D:3:      layout_loops_ring, serial_shops, shop, grunt_ministairs_1,
          hangedman_decor_growths
D:4:      layout_loops_ring, minmay_temple_entry_wispy, serial_shops, shop,
          uniq_ijyb
D:5:      layout_gridville, minmay_misc_feat_ornament, sigmund_army
D:6:      layout_basic, serial_shops, shop
D:7:      layout_basic, uniq_joseph
D:8:      layout_rooms

Skill      XL: |  1  2  3  4  5  6  7  8  9 |
---------------+----------------------------+-----
Fighting       | 3 4 5 6 7 |  7.0
Unarmed Combat | 4 5 6 7 8 |  8.5
Throwing       | 2 3 5 |  5.0
Evocations     | 1 3 4 |  4.1
Dodging        | |  2.7

Action                   |  1- 3 |  4- 6 |  7- 9 || total
-------------------------+-------+-------+-------++-------
Melee: Unarmed           |    82 |   194 |   225 ||   501
       Punch             |     1 |     4 |     5 ||    10
Throw: Stone             |       |     2 |     2 ||     4
       Dart              |       |       |     4 ||     4
       Javelin           |       |       |     7 ||     7
Invok: Trog's Hand       |       |       |     4 ||     4
  Use: Potion            |       |     1 |     1 ||     2
       Scroll            |       |       |     4 ||     4
 Stab: Sleeping          |     1 |       |     1 ||     2
Armor: Animal skin       |    34 |    16 |       ||    50
       Robe              |       |    51 |    44 ||    95
       Troll leather arm |       |       |    23 ||    23
Dodge: Dodged            |    50 |    98 |   118 ||   266

Table legend: (Time is in decaauts)
 A = Elapsed time spent in this place.
 B = Non-inter-level travel time spent in this place.
 C = Inter-level travel time spent in this place.
 D = Time resting spent in this place.
 E = Time spent auto-exploring this place.
 F = Levels seen in this place.
 G = Mean time per level.
                   A        B        C        D        E       F      G
               +--------+--------+--------+--------+--------+-----+--------+
         Total |   6493 |   5906 |    587 |   1131 |   3576 |   8 |  811.6 |
       Dungeon |   6493 |   5906 |    587 |   1131 |   3576 |   8 |  811.6 |
               +--------+--------+--------+--------+--------+-----+--------+

Top non-repeatable levels by time:
     D:7: 1531 daAuts
     D:6: 1104 daAuts
     D:4: 948 daAuts
     D:2: 845 daAuts
     D:5: 807 daAuts
     D:3: 685 daAuts
     D:1: 554 daAuts
     D:8: 15 daAuts
